 Dungeon Crawl Stone Soup version 0.32-a0-999-gfa1cc04b1d (webtiles) character file.

Game seed: 8947560604584137995

2485664 mitch45678 the Slayer (level 26, 246/246 (250) HPs)
             Began as a Mountain Dwarf Enchanter on Apr 23, 2024.
             Was a High Priest of Okawaru.
             Escaped with the Orb
             ... and 3 runes
             ... and 6 gems on Apr 24, 2024!
             The game lasted 09:37:59 (54477 turns).

mitch45678 the Slayer (Mountain Dwarf Enchanter)   Turns: 54477, Time: 09:38:00

HP:   246/246 (250) AC: 43    Str: 33      XL:     26   Next: 27%
MP:   38/38         EV: 15    Int: 17 (18) God:    Okawaru [*****.]
Gold: 2154          SH: 31    Dex: 10 (12) Spells: 21/28 levels left

rFire   + + .        a - +9 broad axe (spect)
rCold   + . .        r - +8 tower shield {Dex+7 Clarity rPois ring A2 891g or Str+8}
rNeg    + . .        E - +7 plate armour "Cufroexi" {Will+ Slay+2}
rPois   +            c - +0 helmet of Fun {rC+ Str+6, +3 ponderous hat Will vault D14}
rElec   +            O - +1 cloak of Foolhardiness {+Inv rCorr}
rCorr   +            s - +2 pair of gloves {Dex+3} {mutation vault V1 has arte gloves mut cancel pots}
SInv    .            w - +2 pair of boots of Eternal Vigilance {rF++ Will+ Str-2 Int+3}
Will    ++++.        R - amulet of regeneration Stlth
                     P - ring of Zual {Fly rElec rPois Str+4 Stlth-}
HPRegen 1.41/turn    N - ring of positive energy
MPRegen 0.26/turn

%: no passive effects
@: heroic, flying, hasted, studying Throwing, lightly drained, very quick
A: runic magic, artefact enchanting, dopey 1, strong 1
0: Orb of Zot
}: 3/15 runes: barnacled, silver, gossamer
a: Renounce Religion, Evoke Invisibility, Heroism, Finesse, Duel


You escaped.
You worshipped Okawaru.
Okawaru was extremely pleased with you.
You visited 12 branches of the dungeon, and saw 52 of its levels.
You visited the Abyss 1 time.
You visited 2 bazaars.
You also visited: Ice Cave.

You collected 7751 gold pieces.
You spent 5597 gold pieces at shops.


Innate Abilities, Weirdness & Mutations

Your spellcasting is much less encumbered by armour.
You can use scrolls of enchantment on lesser artefacts.
You are dopey. (Int -2)
Your muscles are strong. (Str +4, Int/Dex -1)


   Skills:
 - Level 23.0(27) Fighting
 - Level 1.0(6.0) Short Blades
 - Level 22.0(27) Axes
 - Level 8.0(19.5) Polearms
 - Level 3.0(8.0) Throwing
 - Level 22.0(27) Armour
 + Level 16.9(21.9) Dodging
 - Level 6.0(11.0) Stealth
 - Level 22.0(27) Shields
 - Level 1.7 Spellcasting
 - Level 3.0 Hexes
 - Level 1.0 Ice Magic
 - Level 22.0 Invocations
 - Level 3.0 Evocations


You had 21 spell levels left.
You knew the following spells:

 Your Spells              Type           Power      Damage    Failure   Level
a - Ensorcelled Hibernat  Hex/Ice        16%        N/A       16%         2
k - Blink                 Tloc           2%         N/A       36%         2
z - Swiftness             Air            1%         N/A       58%         3

Your spell library contained the following spells:

 Spells                   Type           Power      Damage    Failure   Level
 Freeze                   Ice            16%        1d4       16%         1
 Confusing Touch          Hex            11%        N/A       22%         3
 Apportation              Tloc           2%         N/A       24%         1
 Foxfire                  Conj/Fire      4%         2x1d4     24%         1
 Kiss of Death            Conj/Necr      4%         2d5       24%         1
 Magic Dart               Conj           4%         1d3       24%         1
 Sandblast                Erth           2%         2d4       24%         1
 Shock                    Conj/Air       4%         1d3       24%         1
 Sting                    Conj/Alch      4%         1d3       24%         1
 Cigotuvi's Dreadful Rot  Necr/Alch/Air  2%         N/A       36%         2
 Mercury Vapours          Alch/Air       2%         N/A       36%         2
 Sublimation of Blood     Necr           1%         N/A       36%         2
 Dazzling Flash           Conj/Hex       12%        N/A       36%         3
 Inner Flame              Hex/Fire       6%         N/A       36%         3
 Frozen Ramparts          Ice            8%         1d2       43%         3
 Ozocubu's Armour         Ice            4%         N/A       43%         3
 Hailstorm                Conj/Ice       3%         3d5       52%         3
 Cause Fear               Hex            5%         N/A       56%         4
 Fugue of the Fallen      Necr           1%         N/A       58%         3
 Mephitic Cloud           Conj/Alch/Air  1%         N/A       58%         3
 Passwall                 Erth           1%         N/A       58%         3
 Volatile Blastmotes      Fire/Tloc      2%         2d10      58%         3
 Anguish                  Hex/Necr       3%         N/A       78%         4
 Dimensional Bullseye     Hex/Tloc       3%         N/A       78%         4
 Airstrike                Air            0%         2d(1-17)  94%         4
 Dispel Undead            Necr           1%         3d6       94%         4
 Ignite Poison            Fire/Alch      1%         N/A       94%         4
 Iskenderun's Mystic Bla Conj/Tloc 1%             2d3        (+2d1     94%         4
 Olgreb's Toxic Radiance  Alch           1%         N/A       94%         4
 Passage of Golubria      Tloc           1%         N/A       94%         4
 Petrify                  Alch/Erth      1%         N/A       94%         4
 Sticky Flame             Fire/Alch      1%         2d4       94%         4
 Vhi's Electric Charge    Tloc/Air       2%         N/A       94%         4
 Metabolic Englaciation   Hex/Ice        4%         N/A       96%         5
 Silence                  Hex/Air        3%         N/A       98%         5
 Borgnjor's Vile Clutch   Necr/Erth      0%         N/A       100%        5
 Fireball                 Conj/Fire      0%         3d3       100%        5
 Irradiate                Conj/Alch      0%         3d11      100%        5
 Bombard                  Conj/Erth      0%         9d1       100%        6
 Conjure Ball Lightning   Conj/Air       0%         3x3d6     100%        6
 Dispersal                Tloc           0%         N/A       100%        6
 Gell's Gavotte           Tloc           0%         2d(11-16) 100%        6
 Permafrost Eruption      Ice/Erth       1%         2x4d2     100%        6
 Plasma Beam              Fire/Air       0%         2x1d10    100%        6
 Starburst                Conj/Fire      0%         6d3       100%        6
 Magnavolt                Erth/Air       0%         3d9       100%        7
 Manifold Assault         Tloc           0%         N/A       100%        7
 Discord                  Hex            5%         N/A       100%        8
 Disjunction              Tloc           0%         N/A       100%        8
 Fulsome Fusillade        Conj/Alch      0%         (3-5)d4   100%        8
 Ignition                 Fire           0%         3d3       100%        8
 Lehudib's Crystal Spear  Conj/Erth      0%         10d2      100%        8
 Chain Lightning          Conj/Air       0%         2d1       100%        9
 Fire Storm               Conj/Fire      0%         6d1       100%        9
 Shatter                  Erth           0%         3d5*      100%        9
 Tukima's Dance           Hex            Unusable   N/A       N/A         3
 Summon Small Mammal      Summ           Unusable   N/A       N/A         1
 Call Imp                 Summ           Unusable   N/A       N/A         2
 Summon Ice Beast         Ice/Summ       Unusable   N/A       N/A         3
 Animate Dead             Necr           Unusable   N/A       N/A         4
 Summon Forest            Summ/Tloc      Unusable   N/A       N/A         5
 Death Channel            Necr           Unusable   N/A       N/A         6
 Sculpt Simulacrum        Ice/Alch       Unusable   N/A       N/A         6
 Summon Hydra             Summ           Unusable   N/A       N/A         7
 Dragon's Call            Summ           Unusable   N/A       N/A         9

Inventory:

Hand Weapons
 a - a +9 spectral broad axe (weapon)
   (Okawaru gifted it to you on level 13 of the Dungeon)
 m - the +5 shortbow "Halurph" {flame, rF+ rC- Int+4}
   (You took it off a yaktaur captain on level 5 of the Vaults)

   Int+4:     It affects your intelligence (+4).
   rF+:       It protects you from fire.
   rC-:       It makes you vulnerable to cold.
 H - the +10 morningstar "Eos" {elec, Halo rElec}
   (You took it off an ironbound preserver on level 4 of the Vaults)

   Halo:      It grants its wielder a halo, revealing invisible creatures and
   increasing accuracy against all within it other than the wielder.
   rElec:     It insulates you from electricity.
Missiles
 d - 33 javelins
 o - 2 throwing nets
 p - 55 boomerangs (quivered)
 q - 24 silver javelins
Armour
 c - the +0 helmet of Fun (worn) {rC+ Str+6, +3 ponderous hat Will vault D14}
   (You bought it in a shop in a bazaar)

   Str+6:     It affects your strength (+6).
   rC+:       It protects you from cold.
 j - a +2 cloak of stealth
   (You took it off a draconian scorcher on level 5 of the Realm of Zot)
 r - a +8 tower shield (worn) {Dex+7 Clarity rPois ring A2 891g or Str+8}
   (You took it off Louise on level 2 of the Shoals)
 s - a +2 pair of gloves of dexterity (worn) {mutation vault V1 has arte gloves mut cancel pots}
   (You found it on level 1 of the Elven Halls)
 w - the +2 pair of boots of Eternal Vigilance (worn) {rF++ Will+ Str-2 Int+3}
   (Okawaru gifted it to you on level 1 of the Vaults)

   Str-2:     It affects your strength (-2).
   Int+3:     It affects your intelligence (+3).
   rF++:      It greatly protects you from fire.
   Will+:     It increases your willpower.
 E - the +7 plate armour "Cufroexi" (worn) {Will+ Slay+2}
   (You acquired it on level 3 of the Crypt)

   Slay+2:    It affects your accuracy & damage with ranged weapons and melee
   (+2).
   Will+:     It increases your willpower.
 O - the +1 cloak of Foolhardiness (worn) {+Inv rCorr}
   (You found it on level 13 of the Dungeon)

   +Inv:      It lets you turn invisible.
   rCorr:     It protects you from acid and corrosion.
 Q - a scarf of resistance
   (You found it on level 4 of the Spider Nest)
 Z - the +1 hat "Umomp" {rC+}
   (You acquired it on level 1 of the Vaults)

   rC+:       It protects you from cold.
Jewellery
 b - an amulet of reflection
   (You took it off a yaktaur on level 5 of the Vaults)
 i - an amulet of the acrobat
   (You found it on level 9 of the Dungeon)
 n - the ring of Vodka {Fire rN++ Will++}
   (You found it on level 3 of the Crypt)

   [ring of fire]

   Fire:      It enhances your fire magic.
   rF+:       It protects you from fire.
   rC-:       It makes you vulnerable to cold.
   rN++:      It greatly protects you from negative energy.
   Will++:    It greatly increases your willpower.
 C - the ring "Wojout" {rC+ Str+2 Dex+2}
   (You took it off a deep elf annihilator on level 3 of the Elven Halls)

   [ring of protection from cold]

   Str+2:     It affects your strength (+2).
   Dex+2:     It affects your dexterity (+2).
   rC+:       It protects you from cold.
 F - a ring of protection from fire
   (You took it off a deep elf death mage on level 3 of the Elven Halls)
 N - a ring of positive energy (right hand)
   (You found it on level 1 of the Spider Nest)
 P - the ring of Zual (left hand) {Fly rElec rPois Str+4 Stlth-}
   (You acquired it on level 1 of the Vaults)

   [ring of poison resistance]

   Str+4:     It affects your strength (+4).
   rElec:     It insulates you from electricity.
   rPois:     It protects you from poison.
   Fly:       It grants you flight.
   Stlth-:    It makes you less stealthy.
 R - an amulet of regeneration (around neck)
   (You found it on level 11 of the Dungeon)
 V - a +8 ring of evasion
   (You bought it in a shop on level 2 of the Shoals)
 W - a ring of willpower
   (You found it on level 13 of the Dungeon)
Wands
 t - a wand of light (27)
   (You found it on level 2 of the Dungeon)
 x - a wand of digging (18)
   (You found it on level 3 of the Shoals)
 G - a wand of roots (42)
   (You found it on level 10 of the Dungeon)
Scrolls
 g - 12 scrolls of teleportation
 A - 3 scrolls of fear
 J - 2 scrolls of blinking
 M - a scroll of enchant weapon
 S - 2 scrolls of revelation
 T - 4 scrolls of silence
 Y - 5 scrolls of fog
Potions
 e - 2 potions of heal wounds
 f - 3 potions of cancellation
 l - 5 potions of magic
 u - 5 potions of invisibility
 v - a potion of resistance
 y - 4 potions of attraction {!q}
 z - a potion of haste
 D - 8 potions of enlightenment
 I - 5 potions of might
 L - 9 potions of curing
Miscellaneous
 B - a lightning rod (4/4)
   (You found it in an ice cave)
 K - a tin of tremorstones (2/2)
   (You found it on level 5 of the Vaults)

Dungeon Overview and Level Annotations

Branches:
Dungeon (15/15)            Temple (1/1) D:7            Lair (5/5) D:10
 Shoals (4/4) Lair:2       Spider (4/4) Lair:3        Slime (0/5) Lair:4
    Orc (2/2) D:12            Elf (3/3) Orc:2        Vaults (5/5) D:14
  Crypt (3/3) Vaults:2       Tomb (1/3) Crypt:3      Depths (4/4) D:15
    Zot (5/5) Depths:4      IceCv (visited)

Altars:
Ashenzari
Cheibriados
Dithmenos
Elyvilon
Fedhas
Gozag
Hepliaklqana
Kikubaaqudgha
Makhleb
Nemelex Xobeh
Okawaru
Qazlal
Ru
Sif Muna
Trog
Uskayaw
Vehumet
Wu Jian
Xom
Yredelemnul
Zin
The Shining One
Beogh
Jiyva

Shops:
D:7 !   D:8 [   D:14 ?   D:15 *   Orc:2 [(=*   Shoals:2 *([*=   Shoals:3 (
Vaults:1 *   Vaults:4 !   Depths:2 :

Portals:
Hell: Depths:1 Depths:2
Abyss: Depths:3
Pandemonium: Depths:2
Ziggurat: Depths:2
Trove: Elf:2 (give 12 potions of heal wounds)

Annotations:
D:6 Sigmund
D:14 1 transporter
Spider:3 Roxanne
Spider:4 exclusion: upstairs
Elf:2 3 runed translucent doors, exclusion: 3 doors
Vaults:1 3 runed translucent doors, exclusions: 3 doors and 2 downstairs, Qoas's ghost, adept GnCA
Vaults:3 2 exclusions
Vaults:4 4 exclusions
Crypt:1 exclusion: downstairs
Crypt:2 Sojobo
Depths:2 Vv
Zot:3 exclusion: downstairs
Zot:4 exclusion: downstairs


Message History

You have escaped!

There were no monsters in sight!

Vanquished Creatures
  Frederick (Crypt:2)
  4 dread liches
  Mennas (Crypt:1)
  6 orbs of fire
  4 ancient liches
  Mara (Spider:2)
  3 juggernauts
  Josephina (Crypt:2)
  Bai Suzhen (Shoals:3)
  7 Killer Klowns (Zot:5)
  2 curse toes (Zot:2)
  A shard shrike (IceCv)
  Saint Roka (Vaults:3)
  Norris (Vaults:1)
  10 golden dragons
  5 bone dragons
  5 electric golems
  Mlioglotl (Spider:3)
  4 liches
  14 tentacled monstrosities
  24 Orb Guardians
  Rupert (D:14)
  6 titans
  2 deep elf master archers (Elf:3)
  2 deep elf blademasters (Elf:3)
  13 sphinxes
  A walking divine tome (Depths:2)
  Polyphemus (Shoals:2)
  6 death cobs
  3 ancient champions
  2 krakens
  2 quicksilver dragons
  Gastronok (D:11)
  3 Executioners
  A tentacled starspawn (Abyss:2)
  Frances (D:14)
  4 shadow dragons
  3 draconian monks
  5 tengu reavers
  Aizul (Spider:3)
  A protean progenitor (Zot:3)
  5 storm dragons
  6 revenants
  Ilsuiw (Shoals:2)
  Kirke (Lair:3)
  4 fire giants
  3 iron dragons
  2 draconian knights
  24 vault wardens
  4 frost giants
  A draconian shifter (Zot:3)
  7 deep elf sorcerers
  5 draconian scorchers
  7 emperor scorpions
  4 curse skulls
  5 deep elf elementalists
  6 ghost moths
  7 ghouls
  Louise (Shoals:2)
  20 ironbound preservers
  2 draconian annihilators
  5 broodmothers
  2 spriggan defenders (Depths:2)
  A reaper (Crypt:3)
  4 orc warlords
  2 juggernaut skeletons
  6 formless jellyfish
  A caustic shrike skeleton (Crypt:3)
  5 ironbound thunderhulks
  22 very ugly things
  4 deep elf demonologists (Elf:3)
  10 deep elf death magi
  15 stone giants
  10 vampire knights
  2 black draconians
  8 green draconians
  4 white draconians
  12 red draconians
  10 deep elf annihilators
  3 war gargoyles
  7 purple draconians
  5 eidola
  5 yellow draconians
  11 spark wasps
  A green death (Abyss:2)
  A blizzard demon (Depths:3)
  2 mummy priests
  13 ettins
  A quicksilver dragon zombie (Crypt:2)
  11 fire dragons
  7 merfolk impalers
  8 merfolk javelineers
  2 crystal guardians
  6 entropy weavers
  7 yaktaur captains
  7 deep elf high priests
  7 jiangshi
  2 spriggan zombies
  3 ice dragons
  11 great orbs of eyes
  4 rakshasas (Depths:2)
  35 vault guards
  3 alligator snapping turtles
  A radroach (Spider:2)
  8 hydras
  An ogre mage (Vaults:4)
  2 anacondas
  2 quicksilver dragon skeletons
  2 peacekeepers
  A spriggan air mage (Depths:4)
  The ghost of Diulaw the Thaumaturge, a journeyman TeSu of Hepliaklqana (D:12)
  3 catoblepae
  6 merfolk avatars
  A jorogumo (Spider:2)
  A fenstrider witch skeleton (Crypt:3)
  4 spriggan skeletons
  2 two-headed ogres
  2 satyrs (Shoals:4)
  9 centaur warriors
  13 ironbound frosthearts
  2 death knights
  A hell beast (Depths:1)
  4 boulder beetles
  A radroach (shapeshifter) (Vaults:5)
  16 dancing weapons
  7 tengu warriors
  17 death yaks
  5 merfolk aquamancers
  2 shock serpents (shapeshifter)
  5 vampire magi
  A deep troll earth mage (Depths:4)
  3 deep troll shamans
  6 demonic crawlers
  An occultist (Depths:1)
  8 spriggan berserkers
  An orc high priest (Orc:2)
  2 thrashing horrors (Abyss:2)
  A storm dragon zombie (Crypt:3)
  12 deep elf knights
  Sonja (Orc:1)
  A soul eater (Vaults:2)
  A spectral spark wasp (Depths:1)
  An iron troll (Depths:3)
  25 skeletal warriors
  6 glowing orange brains
  A salamander mystic (Depths:1)
  2 shadow wraiths
  2 goliath frogs (Zot:3)
  Amaemon (D:9)
  2 pharaoh ants (Spider:2)
  10 skysharks
  12 sea snakes
  A spatial maelstrom (Abyss:2)
  11 deep elf archers
  2 flayed ghosts
  58 deep trolls
  A spark wasp zombie (Depths:2)
  7 arcanists
  2 orange crystal statues
  A bunyip skeleton (Crypt:2)
  7 orb spiders
  A quicksilver dragon simulacrum (Depths:1)
  An orb spider (shapeshifter) (Depths:2)
  5 lindwurms
  10 necromancers
  12 phantasmal warriors
  16 ironbound convokers
  A shadow dragon zombie (Crypt:2)
  2 obsidian bats
  4 spriggan simulacra
  6 bog bodies
  A swamp dragon (Lair:5)
  A harpy (shapeshifter) (D:14)
  An anaconda skeleton (Crypt:1)
  A frost giant zombie (Depths:2)
  2 steelbarb worms
  3 thermic dynamos (Elf:1)
  24 deep elf zephyrmancers
  4 salamanders (Depths:1)
  23 harpies
  22 deep elf pyromancers
  3 shadow dragon skeletons
  14 orc knights
  6 orc sorcerers
  A wolf spider (shapeshifter) (Elf:1)
  A tengu skeleton (Depths:2)
  2 oklob plants (Lair:4)
  5 cyclopes
  13 manticores
  A frost giant skeleton (Depths:2)
  A faun (shapeshifter) (Vaults:4)
  10 fauns
  16 wolf spiders
  45 ugly things
  2 worldbinders (Abyss:2)
  Joseph (D:9)
  6 merfolk sirens
  8 elephants
  13 moths of wrath
  8 water nymphs
  A torpor snail (shapeshifter) (Elf:2)
  A cyclops (shapeshifter) (D:14)
  Maggie (D:6)
  19 vault sentinels
  3 orange demons
  12 black mambas
  A guardian serpent (shapeshifter) (Vaults:5)
  3 gargoyles
  7 torpor snails
  A rust devil (Abyss:2)
  15 cane toads
  7 large abominations
  48 yaktaurs
  4 unseen horrors
  A bunyip simulacrum (Crypt:2)
  18 rime drakes
  4 kobold demonologists (D:13)
  9 komodo dragons
  An alligator snapping turtle skeleton (Crypt:1)
  A dire elephant skeleton (Crypt:3)
  7 tengu conjurers
  6 freezing wraiths
  A catoblepas zombie (Crypt:2)
  A human skeleton (Vaults:3)
  An anaconda simulacrum (Spider:4)
  13 guardian mummies
  3 harpy zombies
  5 ancient zymes (Abyss:2)
  A pale draconian skeleton (Crypt:1)
  9 trolls
  A black draconian skeleton (Crypt:1)
  41 merfolk
  A wind drake (shapeshifter) (Elf:2)
  19 polar bears
  6 hornets
  3 harpy skeletons
  25 tarantellas
  3 wind drakes
  A shadow dragon simulacrum (Crypt:1)
  7 dream sheep
  An alligator simulacrum (Spider:4)
  A raiju (Abyss:2)
  A glass eye (Depths:3)
  31 jumping spiders
  15 blink frogs
  9 snapping turtles
  An ettin skeleton (Crypt:2)
  A dream sheep (shapeshifter) (Elf:1)
  35 slime creatures
  2 shadows
  A centaur simulacrum (D:14)
  4 spriggans
  3 air elementals
  15 culicivoras
  4 humans (Lair:3)
  A vampire (D:11)
  A fire elemental (Elf:1)
  22 yaks
  2 ushabtiu (Tomb:1)
  5 wyverns
  A ynoxinul (Abyss:2)
  A neqoxec (Abyss:2)
  12 wraiths
  A hog (Lair:3)
  15 water elementals
  Grum (D:9)
  9 basilisks
  6 steam dragons
  A warg (Orc:2)
  47 redbacks
  2 chaos spawn
  2 water nymph zombies
  3 acid dragons
  A glowing shapeshifter zombie (Vaults:3)
  11 vampire mosquitoes
  A swamp worm (shapeshifter) (Vaults:5)
  A glowing shapeshifter skeleton (Depths:2)
  A demonspawn skeleton (Crypt:2)
  An ice beast (D:6)
  A merfolk skeleton (Crypt:3)
  3 swamp drakes (Lair:5)
  A two-headed ogre skeleton (Crypt:1)
  24 water moccasins
  An ogre skeleton (Vaults:3)
  22 orc warriors
  2 sky beasts
  10 laughing skulls
  A sky beast (shapeshifter) (Elf:1)
  3 boggarts
  9 wolves
  3 ogres
  A torpor snail zombie (Crypt:1)
  A lindwurm skeleton (Crypt:3)
  12 centaurs
  A fire crab zombie (Crypt:1)
  2 phantoms
  9 kobold brigands
  A weeping skull (Abyss:2)
  A rime drake skeleton (Crypt:1)
  Blork the orc (Orc:2)
  A draconian skeleton (Crypt:1)
  An earth elemental (Elf:2)
  2 brain worms (Abyss:2)
  3 gnoll sergeants
  10 bullfrogs
  4 scorpions
  A deep troll simulacrum (Spider:4)
  12 small abominations
  A cyclops zombie (Crypt:3)
  A naga simulacrum (Crypt:2)
  An elf skeleton (Crypt:2)
  13 wights
  9 killer bees
  3 lindwurm simulacra (Spider:4)
  A raiju skeleton (Crypt:3)
  A yak skeleton (Crypt:3)
  6 howler monkeys
  9 electric eels
  3 bombardier beetles
  A hound (D:7)
  16 orc priests
  8 jellies
  3 starcursed masses (Abyss:2)
  Terence (D:2)
  A sleepcap (D:5)
  6 iguanas
  25 orc wizards
  5 hell rats (Lair:3)
  2 acid dragon zombies
  2 naga skeletons (Crypt:3)
  6 mummies
  19 gnolls
  7 adders
  13 river rats (Lair:3)
  A shadow imp (D:8)
  2 white imps
  9 ufetubi
  3 dart slugs
  A ribbon worm (D:2)
  67 orcs
  2 bats (D:1)
  9 endoplasms
  3 giant cockroaches
  2 goblins
  5 hobgoblins
  5 jackals
  12 kobolds
  12 quokkas
  10 ball pythons
  A bombardier beetle zombie (Crypt:3)
  3 frilled lizards (D:1)
  A goblin skeleton (Crypt:1)
  A kobold zombie (Crypt:1)
  17 rats
  2 ball lightnings (D:15)
  A spectral weapon (Depths:1)
  7 tentacles
2226 creatures vanquished.

Vanquished Creatures (others)
  A pandemonium lord (D:15)
  A salamander tyrant (Depths:1)
  An occultist (D:15)
  A deep elf knight (Elf:3)
  A phantasmal warrior (Crypt:2)
  A wolf spider (Spider:4)
  An orange demon (Abyss:2)
  A harpy zombie (Crypt:2)
  An ancient zyme (Abyss:2)
  A shadow dragon simulacrum (Crypt:2)
  3 jumping spiders
  A wraith (Crypt:2)
  2 naga simulacra (Crypt:2)
  A water elemental (Shoals:4)
  A deep dwarf zombie (Crypt:2)
  An orc (Vaults:5)
  A ball lightning (D:15)
  158 spectral weapons
  16 tentacles
194 creatures vanquished.

Grand Total: 2420 creatures vanquished

Notes
Turn   | Place    | Note
-------+----------+-------------------------------------------
     0 | D:1      | mitch45678 the Mountain Dwarf Enchanter began the quest for
                  | the Orb.
     0 | D:1      | Reached XP level 1. HP: 14/14 MP: 3/3
    75 | D:1      | Reached skill level 1 in Fighting
    91 | D:1      | Reached skill level 1 in Short Blades
   184 | D:1      | Reached XP level 2. HP: 9/24 MP: 4/4
   187 | D:1      | HP: 5/24 [endoplasm (2)]
   198 | D:1      | Learned a level 2 spell: Ensorcelled Hibernation
   518 | D:1      | Reached skill level 1 in Ice Magic
   525 | D:1      | Reached skill level 2 in Fighting
   732 | D:1      | Reached XP level 3. HP: 30/30 MP: 5/5
  1288 | D:2      | Noticed Terence
  1346 | D:2      | Reached skill level 1 in Throwing
  1491 | D:2      | Killed Terence
  1492 | D:2      | Reached skill level 2 in Throwing
  1492 | D:2      | Reached skill level 1 in Polearms
  1492 | D:2      | Reached XP level 4. HP: 15/37 MP: 6/6
  1604 | D:2      | Found a snail-covered altar of Cheibriados.
  2046 | D:3      | Reached skill level 2 in Polearms
  2269 | D:3      | Found a faded altar of an unknown god.
  2272 | D:3      | Got Plato's Reference Book on Accompaniment
  2311 | D:3      | Reached skill level 3 in Polearms
  2311 | D:3      | Reached XP level 5. HP: 42/42 MP: 7/7
  2735 | D:4      | Noticed a phantom
  2984 | D:4      | Identified the +1 sling "Lyesagab" {elec, Str+3}
  3091 | D:4      | HP: 8/42 [phantom (4)]
  3096 | D:4      | HP: 2/42 [phantom (4)]
  3098 | D:4      | Killed a phantom
  3099 | D:4      | Reached skill level 4 in Polearms
  3099 | D:4      | Reached XP level 6. HP: 35/50 MP: 8/8
  3142 | D:5      | Entered Level 5 of the Dungeon
  3169 | D:5      | Reached skill level 3 in Fighting
  3229 | D:5      | Reached skill level 5 in Polearms
  3315 | D:5      | HP: 11/51 [poisoned by a scorpion]
  3320 | D:5      | HP: 6/51 [poisoned by a scorpion]
  3584 | D:3      | Reached skill level 6 in Polearms
  3584 | D:3      | Reached XP level 7. HP: 20/57 MP: 9/9
  4502 | D:5      | Reached skill level 7 in Polearms
  5021 | D:5      | Reached skill level 4 in Fighting
  5021 | D:5      | Reached skill level 3 in Throwing
  5021 | D:5      | Reached skill level 1 in Evocations
  5087 | D:6      | Reached XP level 8. HP: 47/66 MP: 10/10
  5113 | D:5      | Reached skill level 2 in Evocations
  5321 | D:5      | HP: 16/66 [poisoned by a gnoll]
  5692 | D:6      | Reached skill level 3 in Evocations
  5855 | D:6      | Reached skill level 5 in Fighting
  5893 | D:6      | Noticed Sigmund
  6274 | D:6      | Noticed a troll
  6292 | D:6      | Killed a troll
  6293 | D:6      | Reached skill level 6 in Fighting
  6398 | D:6      | Reached skill level 7 in Fighting
  6741 | D:6      | Noticed Maggie
  6763 | D:6      | Killed Maggie
  6764 | D:6      | Reached skill level 8 in Fighting
  6764 | D:6      | Reached XP level 9. HP: 36/82 MP: 11/11
  6948 | D:6      | Reached skill level 1 in Armour
  7143 | D:7      | Found a staircase to the Ecumenical Temple.
  7152 | Temple   | Entered the Ecumenical Temple
  7165 | Temple   | Became a worshipper of Warmaster Okawaru
  7203 | D:7      | Reached skill level 2 in Armour
  7390 | D:7      | Reached skill level 3 in Armour
  7779 | D:7      | Reached skill level 4 in Armour
  7917 | D:7      | Reached skill level 2 in Dodging
  8089 | D:7      | Reached skill level 1 in Invocations
  8170 | D:7      | Reached skill level 2 in Invocations
  8183 | D:7      | Reached skill level 3 in Invocations
  8270 | D:7      | Reached skill level 4 in Invocations
  8446 | D:7      | Reached * piety under Okawaru
  8466 | D:7      | Reached skill level 5 in Invocations
  8472 | D:7      | Found Heewy's Distillery.
  8654 | D:7      | Reached skill level 6 in Invocations
  8654 | D:7      | Reached skill level 8 in Polearms
  8699 | D:8      | Found a sacrificial altar of Ru.
  8751 | D:8      | Found Nastear's Armour Emporium.
  8755 | D:8      | Bought the +1 chain mail "Papeukh" {Rampage rElec Regen+}
                  | for 329 gold pieces
  8899 | D:8      | Reached skill level 5 in Armour
  8955 | D:8      | Reached skill level 6 in Armour
  8955 | D:8      | Reached XP level 10. HP: 90/90 MP: 12/14
  9115 | D:8      | Noticed a two-headed ogre
  9217 | D:8      | Killed a two-headed ogre
  9217 | D:8      | Reached ** piety under Okawaru
  9218 | D:8      | Reached skill level 7 in Armour
  9336 | D:8      | Reached skill level 8 in Armour
  9442 | D:9      | Upgraded the game from 0.32-a0-995-gb4a59205af to
                  | 0.32-a0-996-gb3226c233f
  9520 | D:9      | Noticed Grum
  9549 | D:8      | Reached skill level 9 in Fighting
  9616 | D:8      | Reached *** piety under Okawaru
  9659 | D:8      | Reached skill level 9 in Armour
  9763 | D:8      | HP: 9/86 [wight/+5 battleaxe (13)]
  9817 | D:9      | Reached skill level 2 in Axes
  9903 | D:9      | Reached skill level 3 in Axes
  9993 | D:9      | Reached skill level 4 in Axes
 10007 | D:9      | Reached skill level 5 in Axes
 10076 | D:9      | Noticed Joseph
 10092 | D:9      | Killed Joseph
 10093 | D:9      | Reached skill level 6 in Axes
 10143 | D:9      | Noticed Amaemon
 10144 | D:9      | Noticed an orange demon
 10307 | D:9      | Killed Grum
 10373 | D:9      | Reached skill level 7 in Axes
 10373 | D:9      | Reached XP level 11. HP: 78/97 MP: 15/15
 10476 | D:9      | Reached **** piety under Okawaru
 10649 | D:9      | Killed Amaemon
 10650 | D:9      | Reached skill level 8 in Axes
 10725 | D:9      | Paralysed by a hornet for 1 turns
 10742 | D:9      | Reached skill level 9 in Axes
 10984 | D:10     | Entered Level 10 of the Dungeon
 11049 | D:10     | Found a staircase to the Lair.
 11073 | D:10     | HP: 18/97 [komodo dragon (9)]
 11074 | D:10     | HP: 6/97 [komodo dragon (18)]
 11135 | D:10     | Reached skill level 10 in Axes
 11447 | Lair:1   | Entered Level 1 of the Lair of Beasts
 11574 | Lair:1   | Reached skill level 11 in Axes
 11629 | Lair:1   | Reached skill level 7 in Invocations
 11708 | Lair:1   | Noticed a skyshark
 11720 | Lair:1   | Killed a skyshark
 11721 | Lair:1   | Reached skill level 12 in Axes
 11721 | Lair:1   | Reached skill level 8 in Invocations
 11724 | Lair:1   | Reached ***** piety under Okawaru
 11930 | Lair:1   | HP: 24/97 [poisoned by a cane toad]
 11935 | Lair:1   | HP: 21/97 [poisoned by a cane toad]
 12062 | Lair:1   | Reached skill level 9 in Invocations
 12178 | Lair:1   | Noticed a death yak
 12190 | Lair:1   | Killed a death yak
 12191 | Lair:1   | Reached XP level 12. HP: 64/104 MP: 16/19
 12542 | Lair:2   | Reached skill level 10 in Invocations
 12550 | Lair:2   | Noticed an eight-headed hydra
 12577 | Lair:2   | Noticed a catoblepas
 12624 | Lair:2   | Killed a catoblepas
 12625 | Lair:2   | Reached skill level 13 in Axes
 12625 | Lair:2   | Reached skill level 3 in Dodging
 12651 | Lair:2   | Noticed a six-headed hydra
 13126 | D:11     | Reached skill level 4 in Dodging
 13163 | D:11     | Noticed Gastronok
 13294 | D:11     | Killed Gastronok
 13583 | D:12     | Reached skill level 10 in Fighting
 13755 | D:12     | Reached ****** piety under Okawaru
 13863 | D:12     | Reached skill level 14 in Axes
 14131 | D:12     | HP: 25/106 [skeletal warrior/+0 halberd (10)]
 14405 | D:12     | Received a gift from Okawaru
 14471 | D:12     | Reached skill level 15 in Axes
 14614 | D:12     | Found a staircase to the Orcish Mines.
 14819 | D:14     | Noticed a storm dragon
 14820 | D:14     | Noticed a five-headed hydra
 14821 | D:14     | Noticed a tengu warrior
 14824 | D:14     | Noticed a centaur warrior
 14825 | D:14     | Noticed a boulder beetle
 14827 | D:14     | Found a transporter.
 14829 | D:14     | Found the +3 hat of Pondering {ponderous, Will+ MP+10
                  | Int+5}
 14938 | D:13     | Found a runed translucent gate.
 14938 | D:13     | Found a runed translucent gate.
 14938 | D:13     | Found a runed translucent gate.
 14939 | D:13     | Noticed Diulaw's ghost (journeyman TeSu)
 15012 | D:13     | Noticed a boulder beetle
 15023 | D:13     | Reached XP level 13. HP: 41/113 MP: 20/20
 15212 | D:13     | Reached skill level 16 in Axes
 15318 | D:13     | Received a gift from Okawaru
 15381 | D:14     | Noticed Rupert
 15656 | D:14     | Found a gate to the Vaults.
 15739 | D:14     | Reached skill level 17 in Axes
 15815 | D:13     | Acquired a +1 broad axe of draining
 15815 | D:13     | Received a gift from Okawaru
 15897 | D:13     | Reached skill level 1 in Shields
 15917 | D:14     | Reached skill level 2 in Shields
 16026 | D:14     | Reached skill level 3 in Shields
 16029 | D:14     | Noticed a fire dragon
 16032 | D:14     | Received a gift from Okawaru
 16172 | D:14     | Reached skill level 4 in Shields
 16393 | D:14     | Killed a fire dragon
 16462 | D:14     | Reached skill level 5 in Shields
 16502 | D:14     | Killed Rupert
 16503 | D:14     | Reached skill level 6 in Shields
 16531 | D:14     | Noticed Frances
 16541 | D:14     | HP: 8/113 [Frances/shard of ice (34)]
 16774 | Lair:3   | Noticed Kirke
 16799 | Lair:3   | Killed Kirke
 16976 | Lair:3   | Found a bloodstained altar of Trog.
 17018 | Lair:3   | Reached skill level 5 in Dodging
 17023 | Lair:3   | Reached skill level 10 in Armour
 17043 | Lair:3   | Received a gift from Okawaru
 17118 | Lair:3   | Reached skill level 11 in Armour
 17326 | Lair:3   | Reached XP level 14. HP: 101/121 MP: 21/21
 17524 | Lair:4   | Received a gift from Okawaru
 17607 | Lair:3   | Reached skill level 12 in Armour
 17867 | Lair:4   | Reached skill level 13 in Armour
 17885 | Lair:5   | Entered Level 5 of the Lair of Beasts
 18034 | Lair:5   | Received a gift from Okawaru
 18035 | Lair:5   | Reached skill level 11 in Invocations
 18152 | Lair:5   | Reached skill level 12 in Invocations
 18201 | Lair:5   | Identified the +8 quarterstaff "Vohukora" {protect, SInv}
 18407 | Lair:5   | Got an earthy gem with 840 turns to spare
 18557 | Lair:5   | Got the Grimoire of Hoarfrost and the Mortuary
 18613 | Lair:5   | Reached skill level 13 in Invocations
 18708 | Lair:5   | Reached skill level 14 in Armour
 18886 | Lair:5   | Received a gift from Okawaru
 18974 | Lair:5   | Gained mutation: You have a pair of small antennae on your
                  | head. [potion of mutation]
 18974 | Lair:5   | Gained mutation: You expend magic power (3 MP) to
                  | strengthen your wands. [potion of mutation]
 19171 | Lair:4   | Found a blossoming altar of Fedhas.
 19381 | Lair:4   | Reached skill level 15 in Armour
 19431 | Lair:4   | Found a staircase to the Slime Pits.
 19431 | Lair:4   | Found a viscous altar of Jiyva.
 19435 | Lair:4   | Reached XP level 15. HP: 125/126 MP: 24/24
 19672 | Lair:3   | Found a hole to the Spider Nest.
 19950 | Lair:2   | Found a staircase to the Shoals.
 19966 | Lair:2   | Reached skill level 6 in Dodging
 19969 | Lair:2   | HP: 29/126 [six-headed hydra (9)]
 20524 | D:14     | Killed Frances
 20527 | D:14     | Reached skill level 7 in Shields
 20548 | D:14     | Found Ugaem's Magic Scroll Boutique.
 20556 | D:14     | Bought a scroll of enchant weapon for 112 gold pieces
 20556 | D:14     | Bought a scroll of teleportation for 45 gold pieces
 20556 | D:14     | Bought a scroll of teleportation for 45 gold pieces
 20556 | D:14     | Bought a scroll of teleportation for 45 gold pieces
 20820 | D:14     | Identified the orb "Joheges" {mayhem, Harm rF+ rC+ Ice}
 20858 | D:15     | Entered Level 15 of the Dungeon
 20925 | D:15     | Found a staircase to the Depths.
 20944 | D:15     | HP: 27/126 [ettin simulacrum[a necromancer] (24)]
 21045 | D:15     | Found Gozag's Platinum Reserve.
 21092 | D:15     | Reached skill level 8 in Shields
 21174 | D:15     | HP: 22/126 [yaktaur (12)]
 21178 | D:15     | Received a gift from Okawaru
 21185 | D:15     | HP: 2/126 [occultist/poison arrow (28)]
 21482 | D:14     | Reached skill level 9 in Shields
 21821 | D:15     | Identified the staff of Wariness {*Corrode rN+ Int+5 Stlth+
                  | Conj Necro}
 21831 | D:15     | Found an opulent altar of Gozag.
 21943 | Orc:1    | Entered Level 1 of the Orcish Mines
 21943 | Orc:1    | Noticed Sonja
 21991 | Orc:1    | Killed Sonja
 21992 | Orc:1    | Reached skill level 10 in Shields
 21992 | Orc:1    | HP: 29/126 [orc warrior/+0 trident[an orc knight] (4)]
 21997 | D:12     | HP: 26/126 [poisoned by Sonja (curare-tipped dart)]
 22398 | Orc:2    | Entered Level 2 of the Orcish Mines
 22894 | Orc:2    | Reached skill level 11 in Shields
 22905 | Orc:2    | Noticed Blork the orc
 22920 | Orc:2    | Killed Blork the orc
 22943 | Orc:2    | HP: 8/126 [orc warlord/+2 battleaxe of freezing (34)]
 22943 | Orc:2    | HP: 2/126 [orc warlord/+2 battleaxe of freezing (6)]
 23189 | Orc:2    | Found a roughly hewn altar of Beogh.
 23235 | Orc:2    | Found Calosuqu's Antique Armour Emporium.
 23299 | Orc:2    | Found Jithu Ips's Antique Weapon Emporium.
 23323 | Orc:2    | Found Fubol's General Store.
 23385 | Orc:2    | Found a staircase to the Elven Halls.
 23418 | Orc:2    | Found Mujela Qoavo's Jewellery Emporium.
 23534 | Orc:2    | worthless garbage in all orc stores
 23534 | Orc:2    | I get that youre making it harder but also not fun
 23647 | Orc:1    | Reached skill level 12 in Shields
 23927 | Spider:1 | Entered Level 1 of the Spider Nest
 24409 | Lair:3   | Identified a scroll of acquirement
 24754 | Spider:1 | Reached skill level 13 in Shields
 24991 | Spider:1 | Reached XP level 16. HP: 121/134 MP: 25/25
 25304 | Spider:2 | Received a gift from Okawaru
 25569 | D:12     | Killed Diulaw's ghost
 25625 | D:13     | Reached skill level 14 in Shields
 25642 | D:13     | Identified the +1 cloak of Foolhardiness {+Inv rCorr}
 25856 | Spider:3 | fuck you dude
 25864 | Spider:3 | Noticed Mara
 25864 | Spider:3 | HP: 32/134 [pharaoh ant (21)]
 25869 | Spider:3 | HP: 16/128 [poisoned by an emperor scorpion]
 25963 | Spider:2 | HP: 31/134 [spark wasp simulacrum (34)]
 26056 | Spider:3 | Identified the +3 spear of Kismet {heavy, rF- Str+6 Int+3}
 26155 | Spider:3 | Reached skill level 15 in Shields
 26179 | Spider:2 | Received a gift from Okawaru
 26298 | Spider:4 | Entered Level 4 of the Spider Nest
 26489 | Spider:4 | Found a glacial archway.
 26505 | Spider:4 | Reached skill level 11 in Fighting
 26523 | IceCv    | Entered an ice cave
 26721 | IceCv    | Reached skill level 12 in Fighting
 26976 | IceCv    | Received a gift from Okawaru
 26982 | IceCv    | Reached skill level 13 in Fighting
 27053 | IceCv    | Noticed a shard shrike
 27083 | IceCv    | Killed a shard shrike
 27193 | IceCv    | trash loot again
 27193 | IceCv    | ice cave in Nest 4 cant even give a shield?
 27193 | IceCv    | apparently artefact staff now easy find but shield is end
                  | game loot
 27193 | IceCv    | nice bias
 27223 | Spider:3 | Identified the serpent talisman of Words of Power {rElec
                  | rC- Dex+8 Slay-6}
 27223 | Spider:3 | Noticed Aizul
 27299 | Spider:4 | Received a gift from Okawaru
 27300 | Spider:4 | Reached skill level 14 in Fighting
 27395 | Spider:4 | Reached XP level 17. HP: 98/154 MP: 26/26
 27446 | Spider:4 | Reached skill level 15 in Fighting
 27576 | Spider:4 | Received a gift from Okawaru
 27673 | Spider:4 | Got a milky-white gem with 424 turns to spare
 27677 | Spider:4 | Got a gossamer rune of Zot
 27838 | Spider:3 | Noticed Mlioglotl
 27848 | Spider:3 | Killed Mlioglotl
 27849 | Spider:3 | Reached skill level 14 in Invocations
 27992 | Spider:3 | Killed Aizul
 28102 | Spider:3 | Noticed Roxanne
 28129 | Spider:3 | Identified the +0 robe of Bouggo Ashra {Str+6}
 28269 | Spider:2 | Noticed mitch45678's illusion
 28281 | Spider:2 | Killed Mara
 28298 | Spider:2 | Reached skill level 15 in Invocations
 28321 | Spider:2 | Reached skill level 7 in Dodging
 28741 | Elf:1    | Entered Level 1 of the Elven Halls
 28778 | Elf:1    | Received a gift from Okawaru
 28797 | Elf:1    | Paralysed by an air elemental for 1 turns
 28885 | Elf:1    | Reached skill level 8 in Dodging
 29230 | Elf:1    | Reached skill level 9 in Dodging
 29324 | Elf:1    | Learned a level 2 spell: Blink
 29328 | Elf:1    | Learned a level 3 spell: Swiftness
 29437 | Elf:1    | Received a gift from Okawaru
 29765 | D:14     | Bought a scroll of acquirement for 780 gold pieces
 29817 | D:15     | ass
 29883 | Vaults:1 | Entered Level 1 of the Vaults
 30063 | Vaults:1 | Reached XP level 18. HP: 64/163 MP: 27/29
 30065 | Vaults:1 | Reached skill level 10 in Dodging
 30080 | Vaults:1 | HP: 35/163 [ironbound preserver/+0 great mace (12)]
 30290 | Vaults:1 | Noticed a tentacled monstrosity
 30301 | Vaults:1 | Received a gift from Okawaru
 30301 | Vaults:1 | Noticed Norris
 30310 | Vaults:1 | Killed a tentacled monstrosity
 30317 | Vaults:1 | Killed Norris
 30335 | Vaults:1 | Reached skill level 11 in Dodging
 30335 | Vaults:1 | Acquired the +2 pair of boots of Eternal Vigilance {rF++
                  | Will+ Str-2 Int+3}
 30335 | Vaults:1 | Received a gift from Okawaru
 30337 | Vaults:1 | yah I wanted a scarf not a shield thnx
 30373 | Vaults:1 | Found Avoebu's General Store.
 30395 | Vaults:1 | Acquired the +1 hat "Umomp" {rC+}
 30414 | Vaults:1 | Found a runed translucent gate.
 30414 | Vaults:1 | Noticed a tentacled monstrosity
 30415 | Vaults:1 | Found a runed translucent gate.
 30415 | Vaults:1 | Found a runed translucent gate.
 30415 | Vaults:1 | Noticed a tentacled monstrosity
 30533 | Vaults:1 | HP: 6/163 [vault warden/+0 war axe (45)]
 30742 | Vaults:1 | Reached skill level 16 in Shields
 30898 | Vaults:1 | Acquired the ring of Zual {Fly rElec rPois Str+4 Stlth-}
 31020 | Vaults:1 | Received a gift from Okawaru
 31786 | Shoals:1 | Entered Level 1 of the Shoals
 31823 | Lair:2   | Reached skill level 17 in Shields
 31960 | Shoals:1 | HP: 40/163 [tentacle[a kraken] (9)]
 32262 | Shoals:1 | Received a gift from Okawaru
 32303 | Shoals:1 | Reached skill level 18 in Shields
 32354 | Shoals:2 | Noticed Ilsuiw
 32373 | Shoals:2 | Noticed Polyphemus
 32474 | Shoals:2 | Killed Polyphemus
 32520 | Shoals:2 | Noticed Louise
 32521 | Abyss:2  | Cast into level 2 of the Abyss (Louise)
 32522 | Abyss:2  | first fucking move
 32522 | Abyss:2  | Found a corrupted altar of Lugonu.
 32551 | Abyss:2  | Found a corrupted altar of Lugonu.
 32551 | Abyss:2  | Found a corrupted altar of Lugonu.
 32551 | Abyss:2  | Found a corrupted altar of Lugonu.
 32615 | Abyss:2  | Noticed a bone dragon
 32638 | Abyss:2  | Killed a bone dragon
 32638 | Abyss:2  | Received a gift from Okawaru
 32639 | Abyss:2  | Reached XP level 19. HP: 64/172 MP: 26/30
 32664 | Abyss:2  | Reached skill level 16 in Fighting
 32687 | Abyss:2  | HP: 43/173 [large abomination (14)]
 32705 | Abyss:2  | Found a corrupted altar of Lugonu.
 32730 | Shoals:2 | Escaped the Abyss
 32749 | Shoals:2 | Killed Louise
 32888 | Shoals:4 | Entered Level 4 of the Shoals
 32940 | Shoals:4 | Received a gift from Okawaru
 32976 | Shoals:4 | Reached skill level 17 in Fighting
 32994 | Shoals:3 | Found Xomaef's Weapon Boutique.
 33085 | Shoals:4 | Noticed Bai Suzhen
 33141 | Shoals:3 | Killed Bai Suzhen
 33144 | Shoals:2 | Found Utoetite's One-of-a-Kind Rings.
 33170 | Shoals:2 | Bought a +8 ring of evasion for 1248 gold pieces
 33394 | Shoals:4 | Reached skill level 18 in Fighting
 33680 | Shoals:4 | Received a gift from Okawaru
 33725 | Shoals:4 | Got an azure gem with 259 turns to spare
 33727 | Shoals:4 | Got a barnacled rune of Zot
 34038 | Shoals:4 | Reached skill level 18 in Axes
 34518 | Shoals:2 | Found Kiciutzeschi's Merfolk Weapons.
 34518 | Shoals:2 | Found Kiciutzeschi's Merfolk Armours.
 34525 | Shoals:2 | Reached skill level 16 in Armour
 34641 | Shoals:2 | Killed Ilsuiw
 35449 | Vaults:1 | Received a gift from Okawaru
 35461 | Vaults:1 | Reached skill level 17 in Armour
 35464 | Vaults:1 | HP: 42/179 [brown very ugly thing (11)]
 35465 | Vaults:1 | HP: 17/179 [red very ugly thing (11)]
 35469 | Vaults:1 | Reached XP level 20. HP: 39/187 MP: 27/31
 35476 | Vaults:1 | Found a runed translucent gate.
 35476 | Vaults:1 | Found a runed translucent gate.
 35483 | Vaults:1 | Found a runed translucent gate.
 35483 | Vaults:1 | Noticed Qoas's ghost (adept GnCA)
 35803 | Vaults:2 | Received a gift from Okawaru
 36254 | Vaults:2 | Reached skill level 18 in Armour
 36457 | Vaults:2 | Upgraded the game from 0.32-a0-996-gb3226c233f to
                  | 0.32-a0-999-gfa1cc04b1d
 36654 | Vaults:2 | Received a gift from Okawaru
 36660 | Vaults:2 | Found a staircase to the Crypt.
 36866 | Vaults:3 | Noticed Saint Roka
 36895 | Vaults:3 | Killed Saint Roka
 36896 | Vaults:3 | Reached skill level 19 in Shields
 36924 | Vaults:3 | HP: 41/187 [tengu reaver/+1 war axe (11)]
 37309 | Vaults:3 | Found a flickering gateway to a bazaar.
 37318 | Bazaar   | Entered a bazaar
 37332 | Bazaar   | Found Mooceg's Assorted Antiques.
 37347 | Bazaar   | Found Wair's Magic Scroll Emporium.
 37347 | Bazaar   | Found Vigiffui's Weapon Shoppe.
 37368 | Bazaar   | Found Omojaore's Distillery.
 37383 | Bazaar   | Found Retoleynk's Distillery.
 37383 | Bazaar   | Found Iron's Magic Scroll Shoppe.
 37393 | Bazaar   | Bought a potion of might for 44 gold pieces
 37412 | Bazaar   | Bought a scroll of teleportation for 45 gold pieces
 37412 | Bazaar   | Bought a scroll of enchant armour for 112 gold pieces
 37438 | Bazaar   | Bought a scroll of enchant armour for 120 gold pieces
 37464 | Bazaar   | Bought a potion of haste for 110 gold pieces
 37464 | Bazaar   | Bought a potion of berserk rage for 55 gold pieces
 37464 | Bazaar   | Bought a potion of curing for 33 gold pieces
 37464 | Bazaar   | Bought a potion of resistance for 110 gold pieces
 37464 | Bazaar   | Bought a potion of cancellation for 88 gold pieces
 37464 | Bazaar   | Bought a potion of cancellation for 88 gold pieces
 37464 | Bazaar   | Bought a potion of curing for 33 gold pieces
 37472 | Bazaar   | Bought a scroll of blinking for 112 gold pieces
 37498 | Bazaar   | Bought a scroll of blinking for 120 gold pieces
 37498 | Bazaar   | Bought a scroll of blinking for 120 gold pieces
 37512 | Bazaar   | Bought a potion of haste for 180 gold pieces
 37512 | Bazaar   | Bought a potion of enlightenment for 90 gold pieces
 37576 | Bazaar   | Bought a scroll of revelation for 112 gold pieces
 37602 | Bazaar   | Bought a scroll of teleportation for 48 gold pieces
 37616 | Bazaar   | Bought a potion of haste for 220 gold pieces
 37744 | Vaults:3 | Reached skill level 20 in Shields
 37858 | Vaults:3 | Identified the +1 leather armour "Maennij" {Dex+3}
 37899 | Vaults:3 | Received a gift from Okawaru
 38491 | Vaults:4 | Reached skill level 19 in Fighting
 38567 | Vaults:4 | Received a gift from Okawaru
 38672 | Vaults:4 | Reached XP level 21. HP: 145/199 MP: 32/32
 38821 | Vaults:4 | Found Pusk's Distillery.
 38823 | Vaults:4 | Found a flickering gateway to a bazaar.
 38829 | Vaults:4 | Reached skill level 20 in Fighting
 39066 | Vaults:4 | Received a gift from Okawaru
 39270 | Vaults:4 | HP: 39/203 [deep troll[an ironbound preserver] (17)]
 39273 | Vaults:4 | Reached skill level 21 in Fighting
 39282 | Bazaar   | Entered a bazaar
 39289 | Bazaar   | Found Mualur's Antique Weapon Shoppe.
 39300 | Bazaar   | Found Helaal's Antique Weapon Emporium.
 39316 | Bazaar   | Found Boitekkoe's Antique Armour Shoppe.
 39327 | Bazaar   | Found Keguhio's Antique Armour Emporium.
 39359 | Bazaar   | Bought a transparent helmet for 351 gold pieces
 39359 | Bazaar   | Identified the +0 helmet of Fun {rC+ Str+6} (You bought it
                  | in a shop in a bazaar)
 39894 | Elf:2    | Received a gift from Okawaru
 39904 | Elf:3    | Entered Level 3 of the Elven Halls
 40264 | Elf:3    | Noticed an Ice Fiend
 40272 | Elf:3    | HP: 48/206 [???[a deep elf demonologist] (46)]
 40275 | Elf:3    | HP: 20/206 [???[a deep elf demonologist] (17)]
 40407 | Elf:3    | Reached skill level 22 in Fighting
 40451 | Elf:3    | HP: 51/207 [???[a deep elf demonologist] (48)]
 40462 | Elf:3    | HP: 41/207 [Executioner[a deep elf demonologist] (17)]
 40464 | Elf:3    | Noticed a Brimstone Fiend
 40568 | Elf:3    | Identified the ring "Fuahump" {^Contam rElec rPois MP+9
                  | Dex+5}
 40641 | Elf:3    | Reached skill level 16 in Invocations
 40644 | Elf:3    | Received a gift from Okawaru
 40682 | Elf:3    | Identified the +9 spear of Reziot {flame, rElec rF- Int-3
                  | Dex+8}
 40682 | Elf:3    | Identified the ring "Wojout" {rC+ Str+2 Dex+2}
 40702 | Elf:3    | Got a shimmering gem with 266 turns to spare
 40704 | Elf:3    | Got the Tractate on Heavy Anthracomancy
 40709 | Elf:3    | Found the amulet of the Air {Inacc Air Fly rElec RMsl}
 40755 | Elf:3    | Identified the flux talisman "Fuphofol" {rPois rC+++ Will-
                  | Str-2}
 40765 | Elf:3    | Got the Omnibus of Chrysopoeia and Silt
 40771 | Elf:3    | Got Wuich's Almanac of Space
 41377 | Elf:2    | Reached skill level 17 in Invocations
 41571 | Elf:2    | Identified the +8 quarterstaff of Fate {holy, rC+}
 41651 | Elf:2    | Found a portal to a secret trove of treasure.
 41699 | Elf:2    | Found an ancient bone altar of Kikubaaqudgha.
 41827 | Elf:2    | Reached skill level 18 in Invocations
 41831 | Elf:2    | Found a runed translucent gate.
 41831 | Elf:2    | Found a runed translucent gate.
 41831 | Elf:2    | Found a runed translucent gate.
 42290 | Depths:1 | Entered Level 1 of the Depths
 42291 | Depths:1 | Acquired the +2 hat of the Bear Spirit {Spirit, Bear, *Rage
                  | Will++}
 42291 | Depths:1 | Found the +2 hat of the Bear Spirit {Spirit, Bear, *Rage
                  | Will++}
 42317 | Depths:1 | Reached XP level 22. HP: 187/215 MP: 35/35
 42326 | Depths:1 | Received a gift from Okawaru
 42430 | Depths:1 | Found a gateway to Hell.
 42475 | Depths:1 | Reached skill level 19 in Axes
 42515 | Depths:1 | Identified the staff "Zelut" {Str+4 Earth}
 42854 | Depths:1 | Received a gift from Okawaru
 43154 | Depths:1 | Reached skill level 20 in Axes
 43382 | Depths:3 | Noticed a golden dragon
 43577 | Depths:3 | Killed a golden dragon
 43585 | Depths:2 | Noticed a golden dragon
 43604 | Depths:3 | Killed a golden dragon
 43625 | Depths:3 | Found a one-way gate to the infinite horrors of the Abyss.
 43725 | Depths:3 | Noticed a juggernaut
 43740 | Depths:3 | Killed a juggernaut
 43740 | Depths:3 | Received a gift from Okawaru
 43741 | Depths:3 | Reached skill level 21 in Shields
 43773 | Depths:2 | HP: 42/215 [spriggan berserker/+0 antimagic hand axe (15)]
 44058 | Depths:3 | Reached skill level 21 in Axes
 44062 | Depths:4 | Entered Level 4 of the Depths
 44230 | Depths:4 | Noticed a juggernaut
 44254 | Depths:4 | Killed a juggernaut
 44254 | Depths:4 | Received a gift from Okawaru
 44457 | Depths:4 | Found a gate to the Realm of Zot.
 44465 | Depths:4 | Got a midnight gem with 1075 turns to spare
 44572 | Depths:2 | Found Vetwugoe's Book Boutique.
 44591 | Depths:2 | Reached XP level 23. HP: 223/223 MP: 36/36
 44618 | Depths:2 | Reached skill level 22 in Shields
 44779 | Depths:2 | Identified the +8 ring mail of the Orb Guardian {*Corrode
                  | rN++ Str+4}
 44922 | Depths:2 | Found a one-way gateway to a ziggurat.
 45178 | Depths:2 | Found a one-way gate leading to the halls of Pandemonium.
 45178 | Depths:2 | Noticed Vv
 45188 | Depths:2 | Received a gift from Okawaru
 45605 | Depths:1 | Found a basalt altar of Yredelemnul.
 46196 | Crypt:1  | Entered Level 1 of the Crypt
 46660 | Crypt:1  | Reached skill level 12 in Dodging
 46680 | Crypt:1  | Paralysed by something for 3 turns
 46683 | Crypt:1  | HP: 34/206 [something (20)]
 46689 | Crypt:1  | HP: 38/206 [phantasmal warrior[a vampire knight] (11)]
 47059 | Crypt:2  | Identified the ring "Coicuapt" {Ice Int+5 Slay+5}
 47059 | Crypt:2  | Noticed Josephina
 47059 | Crypt:2  | Noticed Mennas
 47084 | Crypt:1  | Killed Mennas
 47085 | Crypt:1  | Reached skill level 19 in Armour
 47208 | Crypt:2  | Noticed Sojobo
 47230 | Crypt:2  | Paralysed by an air elemental for 1 turns
 47238 | Crypt:1  | Received a gift from Okawaru
 47526 | Crypt:2  | Killed Josephina
 47769 | Crypt:2  | Reached skill level 20 in Armour
 47792 | Crypt:2  | Identified the orb of Ignis's Delight {light, +Blink}
 47792 | Crypt:2  | Noticed Frederick
 47830 | Crypt:2  | Killed Frederick
 47928 | Crypt:2  | Paralysed by an air elemental for 1 turns
 47995 | Crypt:3  | Entered Level 3 of the Crypt
 48223 | Crypt:3  | HP: 52/213 [flayed ghost/flay_damage (16)]
 48491 | Crypt:2  | Reached skill level 21 in Armour
 48637 | Crypt:2  | Received a gift from Okawaru
 48715 | Crypt:3  | HP: 53/223 [ancient champion/+1 battleaxe of draining (6)]
 49252 | Crypt:3  | Noticed a dread lich
 49253 | Crypt:3  | Noticed an ancient lich
 49253 | Crypt:3  | Noticed a dread lich
 49487 | Crypt:3  | Reached XP level 24. HP: 231/231 MP: 36/36
 49562 | Crypt:3  | Found a staircase to the Tomb.
 49573 | Tomb:1   | Entered Level 1 of the Tomb of the Ancients
 49622 | Tomb:1   | Reached skill level 22 in Armour
 49862 | Tomb:1   | Identified the +9 hand axe "Jyul Lat" {elec, rPois rN+
                  | Str+2}
 50121 | Crypt:3  | Killed a dread lich
 50122 | Crypt:3  | Reached skill level 19 in Invocations
 50140 | Crypt:3  | Killed a dread lich
 50150 | Crypt:3  | Killed an ancient lich
 50158 | Crypt:3  | Identified the ring of Vodka {Fire rN++ Will++}
 50158 | Crypt:3  | Identified the ring of Ulefuw {^Contam rElec rC+ rN++ MP+9}
 50167 | Crypt:3  | Identified the staff "Cotom" {rN+ Int+3 Conj}
 50173 | Crypt:3  | Identified the +0 ring mail of Darkness {Str+8 Dex-2}
 50182 | Crypt:3  | Identified the +9 lajatang "Quluampi" {drain, Will+ Dex-2
                  | Stlth+}
 50197 | Crypt:3  | Acquired the +7 plate armour "Cufroexi" {Will+ Slay+2}
 50496 | Vaults:4 | Bought 2 potions of haste for 220 gold pieces
 50496 | Vaults:4 | Bought 2 potions of heal wounds for 110 gold pieces
 50496 | Vaults:4 | Bought a potion of haste for 110 gold pieces
 50496 | Vaults:4 | Bought a potion of might for 44 gold pieces
 50505 | Vaults:5 | Entered Level 5 of the Vaults
 50514 | Vaults:4 | Received a gift from Okawaru
 50528 | Vaults:4 | Reached skill level 20 in Invocations
 50559 | Vaults:5 | Noticed an ancient lich
 50678 | Vaults:5 | Reached skill level 21 in Invocations
 50696 | Vaults:4 | Killed an ancient lich
 50758 | Vaults:5 | Noticed a dread lich
 50915 | Vaults:4 | Killed a dread lich
 51036 | Vaults:4 | Reached skill level 13 in Dodging
 51053 | Vaults:5 | Received a gift from Okawaru
 51185 | Vaults:5 | Identified the +5 shortbow "Halurph" {flame, rF+ rC- Int+4}
 51257 | Vaults:5 | Got a silver rune of Zot
 51350 | Vaults:5 | Identified the +1 ring mail "Uwnoc" {rC- rCorr Str+4}
 51528 | Vaults:5 | Identified the +3 war axe of Foolhardiness {venom, rC+ rN+
                  | Str-5}
 51542 | Vaults:5 | Identified the +3 plate armour of Xeteaxt {Harm}
 51553 | Vaults:5 | Noticed an ancient lich
 51570 | Vaults:5 | Killed an ancient lich
 51571 | Vaults:5 | Identified the +0 helmet of Cexaxuets {+Blink rPois rC+}
 51601 | Vaults:5 | Reached skill level 14 in Dodging
 51780 | Vaults:5 | Found the +0 pair of gloves of the gadgeteer {Gadgeteer
                  | Wandboost ^Fragile}
 51785 | Vaults:5 | cool addition I like it
 51818 | Vaults:5 | Identified the +2 dire flail of Evisceration {freeze, rN+}
 51818 | Vaults:5 | Identified the +3 leather armour of Yjovena {*Corrode Int+3
                  | Dex+3 Slay+3}
 52105 | Vaults:4 | Bought a potion of cancellation for 88 gold pieces
 52105 | Vaults:4 | Bought a potion of magic for 88 gold pieces
 52105 | Vaults:4 | Bought a potion of magic for 88 gold pieces
 52244 | Vaults:1 | Bought a scroll of teleportation for 54 gold pieces
 52439 | Zot:1    | Entered Level 1 of the Realm of Zot
 52463 | Depths:4 | Received a gift from Okawaru
 52547 | Zot:1    | Reached skill level 22 in Axes
 52608 | Zot:1    | Reached XP level 25. HP: 216/238 MP: 37/37
 52686 | Zot:4    | Noticed an ancient lich
 52698 | Zot:4    | Noticed a juggernaut
 52707 | Zot:3    | Noticed an orb of fire
 52709 | Zot:3    | Gained mutation: You are occasionally teleported next to
                  | monsters. [an orb of fire]
 52716 | Zot:3    | Killed an ancient lich
 52717 | Zot:3    | Reached skill level 3 in Stealth
 52719 | Zot:3    | Killed an orb of fire
 52720 | Zot:3    | Reached skill level 4 in Stealth
 52743 | Zot:3    | Reached skill level 5 in Stealth
 52780 | Zot:2    | HP: 58/233 [shadow dragon/bolt of negative energy (13)]
 52788 | Zot:2    | Received a gift from Okawaru
 52847 | Depths:4 | Lost mutation: You have a pair of small antennae on your
                  | head. [potion of mutation]
 52847 | Depths:4 | Lost mutation: You are occasionally teleported next to
                  | monsters. [potion of mutation]
 52847 | Depths:4 | Lost mutation: You expend magic power (3 MP) to strengthen
                  | your wands. [potion of mutation]
 52847 | Depths:4 | Gained mutation: You are frail. (-10% HP) [potion of
                  | mutation]
 52847 | Depths:4 | Gained mutation: You have an increased reservoir of magic.
                  | (+10% MP) [potion of mutation]
 52964 | Zot:3    | HP: 49/214 [golden dragon/bolt of fire (7)]
 52981 | Zot:2    | Reached skill level 6 in Stealth
 53156 | Zot:4    | HP: 29/214 [juggernaut (55)]
 53222 | Zot:3    | Received a gift from Okawaru
 53223 | Zot:3    | Reached skill level 15 in Dodging
 53225 | Zot:3    | Killed a juggernaut
 53305 | Zot:5    | Entered Level 5 of the Realm of Zot
 53392 | Zot:5    | Got a prismatic gem with 297 turns to spare
 53584 | Zot:4    | Reached skill level 23 in Fighting
 53664 | Zot:5    | Noticed a dread lich
 53683 | Zot:5    | Killed a dread lich
 53719 | Zot:5    | Noticed a Killer Klown
 53720 | Zot:5    | Noticed a Killer Klown
 53745 | Zot:5    | Killed a Killer Klown
 53754 | Zot:5    | Killed a Killer Klown
 53762 | Zot:5    | Noticed an orb of fire
 53771 | Zot:5    | Killed an orb of fire
 53771 | Zot:5    | Received a gift from Okawaru
 53777 | Zot:5    | Noticed an orb of fire
 53781 | Zot:5    | Gained mutation: You are occasionally teleported next to
                  | monsters. [an orb of fire]
 53787 | Zot:5    | Killed an orb of fire
 53789 | Zot:5    | Noticed a Killer Klown
 53815 | Zot:5    | Killed a Killer Klown
 53831 | Zot:5    | Noticed an orb of fire
 53834 | Zot:5    | Gained mutation: Your spells are a little easier to cast,
                  | but a little less powerful. [an orb of fire]
 53841 | Zot:5    | Killed an orb of fire
 53842 | Zot:5    | Reached skill level 22 in Invocations
 53857 | Zot:5    | Noticed a Killer Klown
 53858 | Zot:5    | Noticed an orb of fire
 53860 | Zot:5    | Reached XP level 26. HP: 166/225 MP: 21/41
 53872 | Zot:5    | Killed an orb of fire
 53872 | Zot:5    | Noticed an orb of fire
 53873 | Zot:5    | Reached skill level 16 in Dodging
 53877 | Zot:5    | Received a gift from Okawaru
 53883 | Zot:5    | Gained mutation: You are dopey. (Int -2) [an orb of fire]
 53887 | Zot:5    | Killed an orb of fire
 53915 | Zot:5    | HP: 56/225 [Killer Klown/+10 club of venom (14)]
 53932 | Zot:5    | Got the Orb of Zot
 54086 | Depths:4 | Lost mutation: Your spells are a little easier to cast, but
                  | a little less powerful. [potion of mutation]
 54086 | Depths:4 | Lost mutation: You are dopey. (Int -2) [potion of mutation]
 54086 | Depths:4 | Lost mutation: You have an increased reservoir of magic.
                  | (+10% MP) [potion of mutation]
 54086 | Depths:4 | Gained mutation: You are partially covered in iridescent
                  | scales. (AC +2) [potion of mutation]
 54086 | Depths:4 | Gained mutation: You are covered in fur. (AC +1) [potion of
                  | mutation]
 54086 | Depths:4 | Gained mutation: You expend magic power (3 MP) to
                  | strengthen your wands. [potion of mutation]
 54087 | Depths:4 | Lost mutation: You expend magic power (3 MP) to strengthen
                  | your wands. [potion of mutation]
 54087 | Depths:4 | Lost mutation: You are covered in fur. (AC +1) [potion of
                  | mutation]
 54087 | Depths:4 | Lost mutation: You are occasionally teleported next to
                  | monsters. [potion of mutation]
 54087 | Depths:4 | Gained mutation: You occasionally lose the ability to read
                  | scrolls when taking damage. [potion of mutation]
 54088 | Depths:4 | Lost mutation: You occasionally lose the ability to read
                  | scrolls when taking damage. [potion of mutation]
 54088 | Depths:4 | Lost mutation: You are partially covered in iridescent
                  | scales. (AC +2) [potion of mutation]
 54088 | Depths:4 | Lost mutation: You are frail. (-10% HP) [potion of
                  | mutation]
 54088 | Depths:4 | Gained mutation: You are dopey. (Int -2) [potion of
                  | mutation]
 54088 | Depths:4 | Gained mutation: Your muscles are strong. (Str +4, Int/Dex
                  | -1) [potion of mutation]
 54221 | D:15     | Noticed Waudas the pandemonium lord
 54229 | D:15     | Killed Waudas the pandemonium lord
 54476 | D:1      | solidly balanced on scrolls and potions I did buy a bunch
 54476 | D:1      | but the shield thing is still overdone
 54476 | D:1      | if you must make tower shields endgame then at least allow
                  | kite shields to be on some of the midgame monsters
 54476 | D:1      | taking them away from meliai which are quite difficult is
                  | just unnecessary
 54476 | D:1      | putting them back on orc captains and occasional knights
                  | would be solid
 54476 | D:1      | but no kite shields until after 2 rune branches is silly
 54476 | D:1      | this character was weak as shit until I got decent stuff
                  | from acquisition scrolls
 54476 | D:1      | it was really only the ring and armor that made it
                  | survivable which were both from acquisition scrolls
 54476 | D:1      | so random loot spawn is arguably overtuned now
 54477 | D:$      | Escaped with the Orb!

Levels and vault maps discovered:
D:1:      dpeg_arrival_simpleton_a, layout_basic
D:2:      layout_basic, basic_altar, minmay_misc_feat_tower, uniq_terence
D:3:      layout_basic, shapermc_ecumenical_altar_rom_forum
D:4:      layout_cave_pools
D:5:      layout_loops_ring
D:6:      layout_basic, uniq_maggie, uniq_sigmund
D:7:      layout_basic, minmay_temple_entry_statues, serial_shops, shop,
          serial_bayou, serial_bayou_lagoon_a, serial_bayou_pond_e,
          serial_bayou_lake_a, serial_bayou_shore_b
D:8:      layout_cave_pools, nicolae_ru_sacrificial_ziggurat, serial_shops,
          nicolae_shop_back_alley_shop, grunt_tough_drop
D:9:      layout_irregular_city, serial_glass, glass_columns_b, glass_columns_c,
          uniq_grum, uniq_joseph, uniq_amaemon
D:10:     layout_cave_pools, david_lair_shrubbed
D:11:     layout_small_grid, uniq_gastronok
D:12:     layout_loops_corners, orc_0_dummy
D:13:     layout_cave_pools, gammafunk_ghost_nasty_kobolds
D:14:     gammafunk_the_bubble [the_bubble_gammafunk_crates], layout_small_grid,
          hellmonk_vaults_order_and_chaos, serial_shops,
          nicolae_shop_real_fake_doors, uniq_frances, uniq_rupert
D:15:     hangedman_depths_entry_civil_slaughter, layout_cross,
          nicolae_gozag_zags_fifth_avenue
Temple:   nicolae_temple_the_god_donut
Lair:1:   statuecave_lemuel, layout_cave_pods, minmay_shattered_shrine
Lair:2:   layout_cave_pods, minmay_shoals_entry_centaurs, serial_bayou_shore_b,
          grunt_megastairs_4, infiniplex_staircase_pool_2
Lair:3:   lemuel_ratsnest, layout_loops_ring, spider_nest_entry_rubble,
          basic_altar, columned_hall_lemuel, nicolae_lair_lakeside_cave,
          uniq_kirke
Lair:4:   beast_lair_carwin_large_1, layout_long_grid,
          nicolae_slime_entry_slimehenge, hangedman_tree_tricks,
          infiniplex_staircase_pool, serial_bayou_shore_b
Lair:5:   guppyfry_lair_end_dragon, layout_cellular_growth,
          hangedman_lair_in_review
Shoals:1: layout_shoals, nicolae_shoals_so_close
Shoals:2: nicolae_shoals_mermall, layout_shoals, nicolae_shop_unique_rings,
          nzn_prometheus_bound, uniq_louise, uniq_ilsuiw, uniq_polyphemus
Shoals:3: layout_shoals, serial_shops, nicolae_shop_bloodbath_and_beyond
Shoals:4: shoals_end_hangedman, layout_shoals, uniq_bai_suzhen
Spider:1: layout_spider_delve, nicolae_spider_spiderdrome
Spider:2: layout_spider_delve, hellmonk_test_site
Spider:3: layout_spider_delve, uniq_aizul, uniq_mara, uniq_mlioglotl,
          uniq_roxanne
Spider:4: guppyfry_spider_rune, portal_ice_cave_entry_ice_simulacra
Orc:1:    cheibrodos_orc_arena, layout_diamond_mine, uniq_sonja
Orc:2:    grunt_orc_cross, layout_caves
Elf:1:    layout_gridlike, nicolae_elf_shapeshifter_party, grunt_megastairs_2
Elf:2:    elven_hall_of_blades_hangedman_original [mumra_blade_entry_dagger],
          layout_geoelf_grid, basic_altar, trove_entry_hex_spiral
Elf:3:    grunt_elf_hall_asides, layout_geoelf_grid
Vaults:1: ploomutoo_gammafunk_ghost_potion_laboratory,
          grunt_vaults_hallway_long, nicolae_vaults_tetromino_Z_2,
          st_spiral_rooms, nicolae_vaults_doubleplus_tesselated,
          hangedman_vaults_stagger, nicolae_vaults_network_periphery,
          nicolae_vaults_cochlea, nicolae_vaults_trapezoid_lopsided_2,
          nicolae_vaults_network_s, vaults_standard_mumra_x,
          hangedman_vaults_restitches, nicolae_vaults_trapezoid_4,
          vaults_room_pool, nicolae_vaults_lightning_bolt,
          layout_vaults_maze_snakey, serial_shops, shop, uniq_norris
Vaults:2: minmay_crypt_entry_simple_walls, nicolae_vaults_closet_pinwheel_2,
          nicolae_vaults_heart-shaped_vault, v_misc_33,
          nicolae_vaults_tetromino_Z_1, nicolae_vaults_trapezoid_1,
          hangedman_vaults_maws, nicolae_vaults_heart-shaped_vault,
          ontoclasm_vaults_chip, nicolae_vaults_tetromino_Z_1,
          nicolae_vaults_diamond_1, layout_vaults_quadrants
Vaults:3: nicolae_whirlpool, v_misc_11, nicolae_vaults_offset_grid_hallway_3,
          ontoclasm_vaults_ligature, nicolae_vaults_storage_closets_1,
          nicolae_vaults_tetromino_Z_1, hangedman_vaults_snaps, v_misc_8,
          nicolae_vaults_closet_pinwheel_3, dpeg_vaults_monster_box,
          nicolae_vaults_specimen_jars, nicolae_vaults_oval_intersection,
          vaults_dpeg_diagonal, v_misc_24, ontoclasm_vaults_hangar,
          layout_vaults_ring, serial_shops, bzr_entry_lakeside, uniq_saint_roka
Vaults:4: nicolae_vaults_triangles, nicolae_vaults_wine_cellar, v_misc_2,
          nicolae_vaults_tetromino_L_1, nicolae_vaults_statue_guard,
          v_alt_pattern_4, nicolae_vaults_trapezoid_4, nicolae_vaults_house_3,
          nicolae_vaults_variable_pillar_hall, nicolae_vaults_border_crossing,
          ontoclasm_vaults_decontamination, layout_vaults_big_room,
          serial_shops, bzr_entry_customers, shop
Vaults:5
Crypt:1:  layout_basic
Crypt:2:  layout_catacombs, grunt_megastairs_5, uniq_frederick, uniq_josephina,
          uniq_sojobo, uniq_mennas
Crypt:3:  david_glass_crypt, layout_misc_corridors, tomb_entry_sphere_bobbens
Tomb:1
Depths:1: layout_honeycomb, kennysheep_boxes, grunt_mini_vestibule,
          yredelemnul_altar_generic
Depths:2: minmay_the_grid_octo_tiled_squarecenter [minmay_the_grid_octo_empty,
          minmay_the_grid_octo_fan_narrow, minmay_the_grid_octo_odd_swirl,
          minmay_the_grid_octo_toaster,
          minmay_the_grid_square_5x5_megaprize_open,
          minmay_the_grid_square_5x5_z, minmay_the_grid_square_5x5_inset,
          minmay_the_grid_square_5x5_inverted_slash,
          minmay_the_grid_square_5x5_minibox], layout_cave_shapes,
          enter_ziggurat_e, serial_shops, shop, minmay_misc_feat_alley,
          pan_entry, hell_entry, uniq_grunn, uniq_vv
Depths:3: minmay_connected_boxes_in_corner, layout_cave_shapes,
          minmay_room_of_horrors, grunt_hell_entry_dis_mu, tso_metal_star
Depths:4: grunt_zot_entry_alcove, layout_basic, hell_entry, grunt_megastairs_3,
          minmay_shop_grove
Zot:1:    cheibrodos_zot_enchanting_chambers, layout_gridlike,
          hangedman_zot_diagonal_lockstep
Zot:2:    layout_twisted_circle, regret_index_zotdec_silver_v_v_orig_slice
Zot:3:    layout_misc_corridors, regret_index_zotdec_banners
Zot:4:    ebering_greatest_show_in_zot, layout_concentric_octagons,
          evilmike_ambush [evilmike_ambush_outer_basic,
          evilmike_ambush_inner_basic]
Zot:5:    layout_basic, drop_trap, kennysheep_underground_church

Action                     |  1- 3 |  4- 6 |  7- 9 | 10-12 | 13-15 | 16-18 | 19-21 | 22-24 | 25-27 || total
---------------------------+-------+-------+-------+-------+-------+-------+-------+-------+-------++-------
  Melee: Dagger            |    90 |    20 |       |       |       |       |       |       |       ||   110
         Spear             |    17 |   186 |   430 |   310 |       |       |       |       |       ||   943
         Battleaxe         |       |       |       |   491 |   102 |       |       |       |       ||   593
         Trident           |       |       |       |    52 |       |       |       |       |       ||    52
         Broad axe         |       |       |       |       |  1378 |  1402 |  1648 |  1853 |   422 ||  6703
         Morningstar       |       |       |       |       |    74 |       |       |       |     7 ||    81
         Demon trident     |       |       |       |       |       |       |    31 |       |       ||    31
  Throw: Stone             |     1 |       |     1 |       |       |       |       |       |       ||     2
         Boomerang         |       |       |    42 |    33 |    30 |    12 |     4 |    13 |     2 ||   136
         Dart              |       |       |    22 |    38 |    15 |    33 |       |       |       ||   108
         Javelin           |       |       |       |       |     2 |       |     4 |       |    11 ||    17
   Cast: Ensorcelled Hiber |     7 |     2 |       |       |       |       |       |       |       ||     9
 Invoke: Heroism           |       |       |     2 |    17 |    32 |    27 |    22 |    32 |    13 ||   145
         Receive Weapon    |       |       |       |       |     1 |       |       |       |       ||     1
         Finesse           |       |       |       |       |       |     1 |       |       |     2 ||     3
         Receive Armour    |       |       |       |       |       |     1 |       |       |       ||     1
  Evoke: Wand              |     2 |       |     6 |     4 |     4 |     8 |     6 |     2 |     2 ||    34
         Lightning rod     |       |       |       |       |       |     4 |     2 |       |       ||     6
    Use: Potion            |     1 |     3 |     2 |     4 |    12 |    10 |     8 |    10 |    24 ||    74
         Scroll            |       |     7 |     6 |     7 |    20 |     9 |     7 |     6 |    17 ||    79
   Stab: Sleeping          |    14 |     4 |     2 |       |       |     5 |       |       |       ||    25
         Invisible         |       |     6 |     6 |     3 |     7 |       |       |       |       ||    22
         Petrified         |       |       |       |       |     1 |       |       |       |       ||     1
         Distracted        |       |       |       |       |       |    40 |    47 |    56 |    18 ||   161
 Armour: Robe              |    49 |       |       |       |       |       |       |       |       ||    49
         Leather armour    |    24 |    77 |    74 |       |       |       |       |       |       ||   175
         Ring mail         |       |    36 |    99 |       |       |       |       |       |       ||   135
         Steam dragon scal |       |       |    88 |       |       |       |       |       |       ||    88
         Chain mail        |       |       |    26 |   773 |   964 |   419 |   522 |   601 |       ||  3305
         Skin              |       |       |       |    77 |       |       |       |       |       ||    77
         Scale mail        |       |       |       |       |    28 |       |       |       |       ||    28
         Swamp dragon scal |       |       |       |       |   420 |   417 |       |       |       ||   837
         Acid dragon scale |       |       |       |       |     9 |       |       |       |       ||     9
         Ice dragon scales |       |       |       |       |     3 |    90 |       |       |       ||    93
         Plate armour      |       |       |       |       |       |       |       |   233 |   285 ||   518
  Dodge: Dodged            |    53 |    80 |   151 |   374 |   662 |   540 |   506 |   563 |   117 ||  3046
  Block: Buckler           |       |       |       |       |   548 |   536 |    16 |       |       ||  1100
         Tower shield      |       |       |       |       |       |       |  1196 |  1533 |   386 ||  3115
